 Dungeon Crawl Stone Soup version 0.30-b1-2-g02819fbbbe (webtiles) character file.

Game seed: 11979305382421553995

698 redmage the Digger (level 8, -6/57 HPs)
             Began as a Meteoran Earth Elementalist on Aug 9, 2023.
             Killed from afar by a steam dragon (14 damage)
             ... with a ball of steam
             ... on level 5 of the Dungeon.
             The game lasted 00:12:13 (710 turns).

redmage the Digger (Meteoran Earth Elementalist)     Turns: 710, Time: 00:12:14

Health: -6/57      AC:  2    Str:  9    XL:     8   Next: 18%
Magic:  1/13       EV: 12    Int: 20    God:
Gold:   113        SH:  0    Dex: 14    Spells: 7/13 levels left

rFire   . . .        i - +0 dagger (venom)
rCold   . . .        (no shield)
rNeg    . . .        a - +0 robe
rPois   .            (no helmet)
rElec   .            (no cloak)
rCorr   .            (no gloves)
SInv    .            (no boots)
Will    +....        (no amulet)
Stlth   +            (no ring)
HPRegen 0.29/turn    (no ring)
MPRegen 0.13/turn

%: no passive effects
@: very slightly contaminated, glowing
A: sense surroundings 1, otherworldly, glowing, explore regen
a: no special abilities


You were on level 5 of the Dungeon.
You visited 1 branch of the dungeon, and saw 7 of its levels.

You collected 113 gold pieces.

Inventory:

Hand Weapons
 d - a +0 eveningstar
 i - a +0 dagger of venom (weapon)
Missiles
 l - 3 poisoned darts
Armour
 a - a +0 robe (worn)
Jewellery
 n - a ring of fire
Wands
 m - a wand of mindburst (20)
 o - a wand of charming (6)
Scrolls
 f - 4 scrolls of poison
Potions
 b - a potion of magic
 c - 2 potions of lignification {unknown}
 e - a potion of berserk rage {unknown}
 g - a potion of flight {unknown}
 h - 2 potions of brilliance {unknown}
 j - a potion of haste {unknown}
 k - a potion of curing {unknown}


   Skills:
 - Level 2.6 Dodging
 - Level 1.5 Stealth
 - Level 3.0 Spellcasting
 * Level 6.4 Conjurations
 - Level 1.5 Transmutations
 + Level 7.8 Earth Magic


You had 7 spell levels left.
You knew the following spells:

 Your Spells              Type           Power      Damage    Failure   Level
a - Sandblast             Erth           68%        2d15      1%          1
b - Passwall              Tmut/Erth      17%        N/A       3%          2
c - Stone Arrow           Conj/Erth      62%        3d10      2%          3

Your spell library contained the following spells:

 Spells                   Type           Power      Damage    Failure   Level
 Momentum Strike          Conj/Tloc      30%        3d8       6%          2
 Necrotise                Necr           12%        1d4       14%         1
 Blink                    Tloc           6%         N/A       22%         2
 Lesser Beckoning         Tloc           6%         N/A       22%         2
 Petrify                  Tmut/Erth      21%        N/A       22%         4
 Vampiric Draining        Necr           3%         2d6       38%         3
 Agony                    Necr           3%         N/A       98%         5


Dungeon Overview and Level Annotations

Branches:
Dungeon (7/15) Zot: 3449
 Temple: D:4-7

Altars:
Xom


Innate Abilities, Weirdness & Mutations

You passively map a small area around you.
You are easily found by Zot.
You glow in the dark.
You regain HP and MP as you explore.


Message History

An adder comes into view.
Casting: Stone Arrow (dangerous; 2% risk of failure)
Confirm with . or Enter, or press ? or * to list all spells.
Aiming: Stone Arrow (dangerous; 2% risk of failure)
Press: ? - help, Shift-Dir - straight line, f/p - steam dragon
Aim: a steam dragon (74% to hit)
You miscast Stone Arrow.
You are very lightly contaminated with residual magic.
Nothing appears to happen.
Unknown command.
Casting: Stone Arrow (dangerous; 2% risk of failure)
Confirm with . or Enter, or press ? or * to list all spells.
Aiming: Stone Arrow (dangerous; 2% risk of failure)
Press: ? - help, Shift-Dir - straight line, f/p - steam dragon
Aim: a steam dragon (74% to hit)
The stone arrow hits the steam dragon!!
The steam dragon is severely wounded.
Unknown command.
Casting: Stone Arrow (dangerous; 2% risk of failure)
Confirm with . or Enter, or press ? or * to list all spells.
Aiming: Sandblast (safe; 1% risk of failure)
Press: ? - help, Shift-Dir - straight line, f/p - steam dragon
Aim: a steam dragon (severely wounded, 84% to hit)
The blast of sand hits the steam dragon but does no damage.
The steam dragon is severely wounded.
The steam dragon bites you! The steam dragon claws you.
The steam dragon breathes steam at you. The ball of steam hits you!!
* * * LOW HITPOINT WARNING * * *
Unknown command.
Casting: Sandblast (safe; 1% risk of failure)
Confirm with . or Enter, or press ? or * to list all spells.
Aiming: Stone Arrow (dangerous; 2% risk of failure)
Press: ? - help, Shift-Dir - straight line, f/p - steam dragon
Aim: a steam dragon (severely wounded, 74% to hit)
The stone arrow hits the steam dragon!
The steam dragon is almost dead.
The steam dragon breathes steam at you. The ball of steam hits you!
You die...

###..# ##.###.)###....#
..... #......####..... ,
#... ##....####......
#.#...#####...............
**
#.......##....#######.....
,, #....#......####.
#...#.. ,
##..##...§....... .....##.
#.......§§.....###....#..
##......@§###.##*##......
#.....§D## ... ....>#
##.......# *#.. ,#....*
###...###D#* .# #....#
#....§§§.# #... #........#
, ##...........
#....#...... ,
##..##..##..


You could see a steam dragon (catching breath).

Vanquished Creatures
  Eustachio (D:4)
  2 ogres
  A kobold brigand (D:6)
  A scorpion (D:5)
  A jelly (D:6)
  2 orc priests (D:4)
  3 hounds
  5 adders
  A white imp (D:4)
  8 orcs
  A giant cockroach (D:4)
  4 goblins
  A hobgoblin (D:1)
  A quokka (D:1)
  3 ball pythons
  A bat (D:1)
  A frilled lizard (D:1)
  9 kobolds
  2 rats
48 creatures vanquished.

Notes
Turn   | Place    | Note
-------+----------+-------------------------------------------
     0 | D:1      | redmage the Meteoran Earth Elementalist began the quest for
                  | the Orb.
     0 | D:1      | Reached XP level 1. HP: 14/14 MP: 5/5
    79 | D:1      | Reached XP level 2. HP: 20/20 MP: 4/6
   287 | D:3      | Reached skill level 4 in Earth Magic
   313 | D:4      | Reached XP level 3. HP: 14/26 MP: 1/8
   316 | D:4      | Learned a level 2 spell: Passwall
   320 | D:4      | Learned a level 3 spell: Stone Arrow
   350 | D:5      | Entered Level 5 of the Dungeon
   399 | D:4      | Reached skill level 5 in Earth Magic
   399 | D:4      | Reached XP level 4. HP: 33/33 MP: 2/9
   423 | D:4      | Reached skill level 6 in Earth Magic
   423 | D:4      | Reached XP level 5. HP: 38/38 MP: 3/10
   423 | D:4      | Noticed Eustachio
   443 | D:4      | Killed Eustachio
   444 | D:4      | Reached XP level 6. HP: 25/45 MP: 1/11
   476 | D:4      | You fall into a shaft and drop 2 floors!
   506 | D:6      | Reached skill level 7 in Earth Magic
   506 | D:6      | Reached XP level 7. HP: 15/50 MP: 4/12
   513 | D:6      | Noticed a yak
   513 | D:6      | Noticed a yak
   514 | D:6      | Noticed a yak
   514 | D:6      | Noticed a yak
   516 | D:6      | Noticed a yak
   526 | D:6      | Found a shimmering altar of Xom.
   581 | D:6      | Reached skill level 5 in Conjurations
   672 | D:5      | Reached XP level 8. HP: 57/57 MP: 6/13
   696 | D:5      | Noticed a steam dragon
   710 | D:5      | Killed from afar by a steam dragon

Illustrated notes

Levels and vault maps discovered:
D:1:      erik_arrival_cave_to_civilisation [erik_arrival_cave_to_hall],
          layout_loops_ring, roderic_lattice_a, nrook_campfire,
          ebering_dispersal_statue_hall
D:2:      layout_loops_ring
D:3:      layout_rooms, uniq_ijyb
D:4:      layout_loops_ring, ebering_ghost_rock_garden, minmay_distorted,
          uniq_eustachio
D:5:      layout_cave_pools, nicolae_overflow_crystal_walls
D:6:      layout_loops_ring, mainiacjoe_overflow_surrounded_room,
          mainiacjoe_overflow_six_doors_small, lemuel_crystal_altar,
          serial_shops, nicolae_shop_tiny_statue_garden
D:7:      corexii_shantytown, layout_rooms, mainiacjoe_overflow_cross_hatched,
          chequers_temple_overflow_statue_of_worship, minmay_temple_entry_waves

Skill      XL: |  1  2  3  4  5  6  7 |
---------------+----------------------+-----
Spellcasting   | 3 |  3.0
Earth Magic    | 4 5 6 7 |  7.8
Conjurations   | 3 4 6 |  6.4
Dodging        | |  2.6
Stealth        | |  1.5
Transmutations | |  1.5

Action                     |  1- 3 |  4- 6 |  7- 9 || total
---------------------------+-------+-------+-------++-------
  Melee: Dagger            |     3 |     2 |     1 ||     6
   Cast: Sandblast         |    39 |    21 |    19 ||    79
         Stone Arrow       |       |     1 |     8 ||     9
    Use: Scroll            |     2 |       |       ||     2
 Armour: Robe              |     5 |     2 |     2 ||     9
  Dodge: Dodged            |     8 |     4 |     4 ||    16
